3AA
OTTAWA NATIONALS @ BETHESDA ATOMS
05/07/2041
 
TOP OF THE 1ST
Ottawa Nationals batting - Pitching for Bethesda Atoms : RHP Scott Alexander
Pitching: RHP Scott Alexander
Batting: SHB Aristotle Auer 0-0: Ball
1-0: Fly out, F7 (Line Drive, 7, EV 87.5 MPH)
Batting: LHB 聲ibal Lima 0-0: Called Strike
0-1: Bunt for hit to 13 - play at first, batter OUT! 1-3
Batting: RHB Imbart Baars 0-0: Foul Ball, location: 2F
0-1: Ball
1-1: Foul Ball, location: 2F
1-2: Ball
2-2: Ball
3-2: Strikes out swinging
Top of the 1st over - 0 runs, 0 hits, 0 errors, 0 left on base; Ottawa 0 - Bethesda 0
BOTTOM OF THE 1ST
Bethesda Atoms batting - Pitching for Ottawa Nationals : LHP Manu Jortikka
Pitching: LHP Manu Jortikka
Batting: SHB Mikk Tamm 0-0: Swinging Strike
0-1: Swinging Strike
0-2: Strikes out swinging
Batting: RHB John Lester 0-0: Ball
1-0: Ground out 5-3 (Groundball, 56S, EV 82.5 MPH)
Batting: RHB Xiao-yong Chu 0-0: Ball
1-0: Ball
2-0: Fly out, F4 (Line Drive, 4, EV 69.4 MPH)
Bottom of the 1st over - 0 runs, 0 hits, 0 errors, 0 left on base; Ottawa 0 - Bethesda 0
TOP OF THE 2ND
Ottawa Nationals batting - Pitching for Bethesda Atoms : RHP Scott Alexander
Batting: SHB Alex Warner 0-0: Ball
1-0: Called Strike
1-1: Ball
2-1: Foul Ball, location: 2F
2-2: Ball
3-2: DOUBLE (Flyball, 8LXD, EV 93.1 MPH)
Batting: RHB Michael Collier 0-0: Called Strike
0-1: Called Strike
0-2: Ground out 4-3 (Groundball, 4MS, EV 91.9 MPH)
Alex Warner to third
Batting: RHB Hulama Yani 0-0: Foul Ball, location: 2F
0-1: Called Strike
0-2: Strikes out looking
Batting: RHB Nobuhiko Ohayashi 0-0: Ball
1-0: Swinging Strike
1-1: Foul Ball, location: 2F
1-2: Foul Ball, location: 2F
1-2: DOUBLE (Flyball, 8RXD, EV 101.9 MPH)
Alex Warner scores
Batting: RHB Rob Shannon 0-0: Ball
1-0: Called Strike
1-1: Ball
2-1: Swinging Strike
2-2: Foul Ball, location: 2F
2-2: Foul Ball, location: 2F
2-2: Foul Ball, location: 2F
2-2: Fly out, F8 (Flyball, 8RS, EV 86.2 MPH)
Top of the 2nd over - 1 run, 2 hits, 0 errors, 1 left on base; Ottawa 1 - Bethesda 0
BOTTOM OF THE 2ND
Bethesda Atoms batting - Pitching for Ottawa Nationals : LHP Manu Jortikka
Batting: RHB Jorge Gardella 0-0: Ball
1-0: Called Strike
1-1: Called Strike
1-2: Ball
2-2: Foul Ball, location: 2F
2-2: Strikes out swinging
Batting: LHB Ayub Kuthakwakulu 0-0: Ball
1-0: Called Strike
1-1: Swinging Strike
1-2: Ball
2-2: Foul Ball, location: 2F
2-2: Foul Ball, location: 2F
2-2: Ball
3-2: Base on Balls
Batting: RHB Juan V嫙quez 0-0: Swinging Strike
0-1: Ball
1-1: Fielders Choice at 2nd, 1-4 (Groundball, 15S, EV 62.5 MPH)
Batting: LHB Robby Caldwell 0-0: Ball
1-0: Foul Ball, location: 2F
1-1: Called Strike
1-2: Strikes out swinging
Bottom of the 2nd over - 0 runs, 0 hits, 0 errors, 1 left on base; Ottawa 1 - Bethesda 0
TOP OF THE 3RD
Ottawa Nationals batting - Pitching for Bethesda Atoms : RHP Scott Alexander
Batting: RHB Barney Paul 0-0: Swinging Strike
0-1: Swinging Strike
0-2: Ball
1-2: Foul Ball, location: 2F
1-2: Foul Ball, location: 2F
1-2: Strikes out swinging
Batting: SHB Aristotle Auer 0-0: Ground out U3 (Groundball, 3, EV 85.0 MPH)
Batting: LHB 聲ibal Lima 0-0: Called Strike
0-1: Ball
1-1: Ball
2-1: Called Strike
2-2: Foul Ball, location: 2F
2-2: Ball
3-2: SOLO HOME RUN (Flyball, 89XD, EV 101.9 MPH), Distance : 396 ft
Batting: RHB Imbart Baars 0-0: Ball
1-0: Ball
2-0: Ball
3-0: Called Strike
3-1: Base on Balls
Batting: SHB Alex Warner 0-0: Ball
1-0: SINGLE (Line Drive, 34D, EV 98.1 MPH)
Imbart Baars to second
Runner from 2nd tries for 3rd, SAFE, no throw by RF
Batting: RHB Michael Collier 0-0: Ball
1-0: Foul Ball, location: 2F
1-1: Ball
2-1: Ball
3-1: SINGLE (Line Drive, 6MD, EV 96.9 MPH)
Imbart Baars scores
Alex Warner to second
Batting: RHB Hulama Yani 0-0: Ball
1-0: Ball
2-0: Called Strike
2-1: Swinging Strike
2-2: Fly out, F9 (Flyball, 9S, EV 85.6 MPH)
Top of the 3rd over - 2 runs, 3 hits, 0 errors, 2 left on base; Ottawa 3 - Bethesda 0
BOTTOM OF THE 3RD
Bethesda Atoms batting - Pitching for Ottawa Nationals : LHP Manu Jortikka
Batting: LHB Reynaldo P廨ez 0-0: Ball
1-0: Called Strike
1-1: Ball
2-1: Foul Ball, location: 2F
2-2: Ball
3-2: SINGLE (Groundball, 4S, EV 63.8 MPH) (infield hit)
Batting: LHB Walt Davis 0-0: Ball
1-0: Called Strike
1-1: Ball
2-1: Fielders Choice at 2nd, 3-6 (Groundball, 3, EV 80.0 MPH)
Batting: SHB Mikk Tamm 0-0: Called Strike
0-1: Swinging Strike
0-2: Foul Ball, location: 2F
0-2: Ball
1-2: SINGLE (Groundball, 6, EV 86.9 MPH) (infield hit)
Walt Davis to second
Batting: RHB John Lester 0-0: Called Strike
0-1: Called Strike
0-2: Fielders Choice at 2nd, 4-6 (Groundball, 4, EV 85.0 MPH)
Walt Davis to third
Batting: RHB Xiao-yong Chu 0-0: Ball
1-0: Called Strike
1-1: Called Strike
1-2: Ground out U3 (Groundball, 34, EV 98.1 MPH)
Bottom of the 3rd over - 0 runs, 2 hits, 0 errors, 2 left on base; Ottawa 3 - Bethesda 0
TOP OF THE 4TH
Ottawa Nationals batting - Pitching for Bethesda Atoms : RHP Scott Alexander
Pitching: RHP Narahiko Sanu
Batting: RHB Nobuhiko Ohayashi 0-0: Foul Ball, location: 2F
0-1: Foul Ball, location: 2F
0-2: Ball
1-2: Ball
2-2: Strikes out swinging
Batting: RHB Rob Shannon 0-0: Ball
1-0: Called Strike
1-1: Foul Ball, location: 2F
1-2: Ball
2-2: Ball
3-2: Base on Balls
Batting: RHB Barney Paul 0-0: Called Strike
0-1: 2-RUN HOME RUN (Flyball, 78XD, EV 99.4 MPH), Distance : 408 ft
Batting: SHB Aristotle Auer 0-0: Ball
1-0: Ball
2-0: SINGLE (Line Drive, 9S, EV 90.0 MPH)
Batting: LHB 聲ibal Lima 0-0: Ball
1-0: Called Strike
Aristotle Auer steals 2nd, throwing error, E2
Aristotle Auer to third
1-1: Foul Ball, location: 2F
1-2: Strikes out swinging
Batting: RHB Imbart Baars 0-0: Called Strike
0-1: Called Strike
0-2: Ball
1-2: Ball
2-2: Strikes out swinging
Top of the 4th over - 2 runs, 2 hits, 1 error, 1 left on base; Ottawa 5 - Bethesda 0
BOTTOM OF THE 4TH
Bethesda Atoms batting - Pitching for Ottawa Nationals : LHP Manu Jortikka
Batting: RHB Jorge Gardella 0-0: Called Strike
0-1: SINGLE (Groundball, 6MD, EV 100.0 MPH)
Batting: LHB Ayub Kuthakwakulu Pickoff Throw to First - Out! 1-3
0-0: SINGLE (Line Drive, 78S, EV 95.0 MPH)
Batting: RHB Juan V嫙quez 0-0: Ball
1-0: Ball
2-0: Fielders Choice at 2nd, 5-4 (Groundball, 56, EV 86.9 MPH)
Batting: LHB Robby Caldwell 0-0: Foul Ball, location: 2F
0-1: SINGLE (Line Drive, 3, EV 71.2 MPH) (infield hit)
Juan V嫙quez to second
Batting: LHB Reynaldo P廨ez 0-0: Ground out 4-3 (Groundball, 34D, EV 108.1 MPH)
Bottom of the 4th over - 0 runs, 3 hits, 0 errors, 2 left on base; Ottawa 5 - Bethesda 0
TOP OF THE 5TH
Ottawa Nationals batting - Pitching for Bethesda Atoms : RHP Narahiko Sanu
Batting: SHB Alex Warner 0-0: Ball
1-0: Ball
2-0: Ball
3-0: Called Strike
3-1: Base on Balls
Batting: RHB Michael Collier 0-0: Called Strike
0-1: Fly out, F3 (Popup, 3SF, EV 78.1 MPH)
Batting: RHB Hulama Yani 0-0: Swinging Strike
0-1: Ball
1-1: Swinging Strike
1-2: Ground out 6-3 (Groundball, 56D, EV 98.1 MPH)
Alex Warner to second
Batting: RHB Nobuhiko Ohayashi 0-0: Called Strike
0-1: Foul Ball, location: 2F
0-2: Ground out 6-3 (Groundball, 6, EV 86.2 MPH)
Top of the 5th over - 0 runs, 0 hits, 0 errors, 1 left on base; Ottawa 5 - Bethesda 0
BOTTOM OF THE 5TH
Bethesda Atoms batting - Pitching for Ottawa Nationals : LHP Manu Jortikka
Batting: LHB Walt Davis 0-0: Ball
1-0: Called Strike
1-1: Foul Ball, location: 2F
1-2: Fly out, F8 (Line Drive, 8RD, EV 91.9 MPH)
Batting: SHB Mikk Tamm 0-0: SINGLE (Groundball, 6, EV 88.1 MPH) (infield hit)
Batting: RHB John Lester 0-0: Ball
1-0: Called Strike
1-1: Ball
Wild Pitch!
Mikk Tamm to second
2-1: Foul Ball, location: 2F
2-2: Foul Ball, location: 2F
2-2: Strikes out swinging
Batting: RHB Xiao-yong Chu 0-0: Swinging Strike
0-1: Foul Ball, location: 2F
0-2: Strikes out swinging
Bottom of the 5th over - 0 runs, 1 hit, 0 errors, 1 left on base; Ottawa 5 - Bethesda 0
TOP OF THE 6TH
Ottawa Nationals batting - Pitching for Bethesda Atoms : RHP Narahiko Sanu
Pitching: RHP Kang-keun Yong
Batting: RHB Rob Shannon 0-0: Swinging Strike
0-1: Foul Ball, location: 2F
0-2: Ball
1-2: Ball
2-2: Strikes out swinging
Batting: RHB Barney Paul 0-0: Ball
1-0: Ball
2-0: Foul Ball, location: 2F
2-1: Foul Ball, location: 2F
2-2: Ball
3-2: Strikes out swinging
Batting: SHB Aristotle Auer 0-0: Called Strike
0-1: Ball
1-1: Ball
2-1: Swinging Strike
2-2: Strikes out swinging
Top of the 6th over - 0 runs, 0 hits, 0 errors, 0 left on base; Ottawa 5 - Bethesda 0
BOTTOM OF THE 6TH
Bethesda Atoms batting - Pitching for Ottawa Nationals : LHP Manu Jortikka
Batting: RHB Jorge Gardella 0-0: Ball
1-0: Ball
2-0: Swinging Strike
2-1: Ball
3-1: Base on Balls
Batting: LHB Ayub Kuthakwakulu 0-0: Fielders Choice at 2nd, 5-4 (Groundball, 56, EV 100.6 MPH)
Batting: RHB Juan V嫙quez 0-0: Fly out, F9 (Flyball, 89S, EV 90.0 MPH)
Batting: LHB Robby Caldwell 0-0: Ball
1-0: Ball
2-0: Foul Ball, location: 2F
2-1: Foul Ball, location: 2F
2-2: Foul Ball, location: 2F
2-2: Foul Ball, location: 2F
2-2: Strikes out swinging
Bottom of the 6th over - 0 runs, 0 hits, 0 errors, 1 left on base; Ottawa 5 - Bethesda 0
TOP OF THE 7TH
Ottawa Nationals batting - Pitching for Bethesda Atoms : RHP Kang-keun Yong
Batting: LHB 聲ibal Lima 0-0: Ball
1-0: Ball
2-0: Ball
3-0: Base on Balls
Batting: RHB Imbart Baars 0-0: Ball
1-0: Ball
2-0: Ball
3-0: Called Strike
3-1: Grounds into double play, 6-4-3 (Groundball, 6, EV 88.1 MPH)
Batting: SHB Alex Warner 0-0: Foul Ball, location: 2F
0-1: Ball
1-1: Ball
2-1: Ball
3-1: Base on Balls
Batting: RHB Michael Collier 0-0: Ball
1-0: Called Strike
1-1: Ball
2-1: Ground out 3-1 (Groundball, 34S, EV 88.1 MPH)
Top of the 7th over - 0 runs, 0 hits, 0 errors, 1 left on base; Ottawa 5 - Bethesda 0
BOTTOM OF THE 7TH
Bethesda Atoms batting - Pitching for Ottawa Nationals : LHP Manu Jortikka
Batting: LHB Reynaldo P廨ez 0-0: Called Strike
0-1: Ground out 4-3 (Groundball, 4, EV 104.4 MPH)
Batting: LHB Walt Davis 0-0: Fly out, F8 (Flyball, 8RS, EV 91.9 MPH)
Batting: SHB Mikk Tamm 0-0: Called Strike
0-1: Ball
1-1: Ground out 5-3 (Groundball, 56S, EV 66.2 MPH)
Bottom of the 7th over - 0 runs, 0 hits, 0 errors, 0 left on base; Ottawa 5 - Bethesda 0
TOP OF THE 8TH
Ottawa Nationals batting - Pitching for Bethesda Atoms : RHP Kang-keun Yong
Batting: RHB Hulama Yani 0-0: Called Strike
0-1: Ball
1-1: Called Strike
1-2: Ground out 5-3 (Groundball, 56S, EV 83.8 MPH)
Batting: RHB Nobuhiko Ohayashi 0-0: Called Strike
0-1: Swinging Strike
0-2: Ball
1-2: Fly out, F6 (Flyball, 6MD, EV 88.8 MPH)
Batting: RHB Rob Shannon 0-0: Called Strike
0-1: Ball
1-1: Swinging Strike
1-2: Ground out 6-3 (Groundball, 6S, EV 73.8 MPH)
Top of the 8th over - 0 runs, 0 hits, 0 errors, 0 left on base; Ottawa 5 - Bethesda 0
BOTTOM OF THE 8TH
Bethesda Atoms batting - Pitching for Ottawa Nationals : LHP Manu Jortikka
Batting: RHB John Lester 0-0: Ball
1-0: Ground out 6-3 (Groundball, 6, EV 88.8 MPH)
Batting: RHB Xiao-yong Chu 0-0: Ball
1-0: SINGLE (Groundball, 34, EV 90.0 MPH) (infield hit)
Pitching: RHP Bobby Martin
Batting: RHB Jorge Gardella 0-0: Ball
1-0: Called Strike
1-1: SINGLE (Groundball, 6, EV 88.1 MPH) (infield hit)
Xiao-yong Chu to second
Pinch Runner at 1st Chris Leppert:
Batting: LHB Ayub Kuthakwakulu 0-0: Ball
1-0: Foul Ball, location: 2F
1-1: Ball
2-1: Foul Ball, location: 2F
2-2: SINGLE (Groundball, 4MD, EV 108.1 MPH)
Xiao-yong Chu to third
Chris Leppert to second
Runner from 3rd tries for Home, SAFE, throw by CF to home
Batting: RHB Juan V嫙quez 0-0: Fly out, F8 (Line Drive, 8RM, EV 100.6 MPH)
Batting: LHB Robby Caldwell 0-0: Swinging Strike
0-1: Ball
1-1: Foul Ball, location: 2F
1-2: Strikes out swinging
Bottom of the 8th over - 1 run, 3 hits, 0 errors, 2 left on base; Ottawa 5 - Bethesda 1
TOP OF THE 9TH
Ottawa Nationals batting - Pitching for Bethesda Atoms : RHP Kang-keun Yong
Now at SS: Chris Leppert
Batting: RHB Barney Paul 0-0: Ball
1-0: Foul Ball, location: 2F
1-1: Swinging Strike
1-2: Ball
2-2: Foul Ball, location: 2F
2-2: Ball
3-2: Base on Balls
Pitching: LHP Jeffery Clayton
Batting: SHB Aristotle Auer 0-0: Bunt missed!
0-1: Sac Bunt to 15 - play at first, batter OUT! 1-4
Barney Paul to second
Batting: LHB 聲ibal Lima 0-0: Ground out 6-3 (Groundball, 6M, EV 101.9 MPH)
Barney Paul to third
Batting: RHB Imbart Baars 0-0: Ball
1-0: Called Strike
1-1: Foul Ball, location: 2F
1-2: Foul Ball, location: 2F
1-2: Foul Ball, location: 2F
1-2: Foul Ball, location: 2F
1-2: Foul Ball, location: 2F
1-2: Strikes out swinging
Top of the 9th over - 0 runs, 0 hits, 0 errors, 1 left on base; Ottawa 5 - Bethesda 1
BOTTOM OF THE 9TH
Bethesda Atoms batting - Pitching for Ottawa Nationals : RHP Bobby Martin
Batting: LHB Reynaldo P廨ez 0-0: Ball
1-0: Ball
2-0: Called Strike
2-1: Ground out U3 (Groundball, 3, EV 82.5 MPH)
Batting: LHB Walt Davis 0-0: Ball
1-0: Ground out 5-3 (Groundball, 56, EV 81.2 MPH)
Batting: SHB Mikk Tamm 0-0: Ball
1-0: Ground out 1-3 (Groundball, 13, EV 80.0 MPH)
Bottom of the 9th over - 0 runs, 0 hits, 0 errors, 0 left on base; Ottawa 5 - Bethesda 1
Tuesday, January 5th, 2021 - OOTP Baseball 20.8 Build 74